 Dungeon Crawl Stone Soup version 0.29.1-15-g9cfb28693d (webtiles) character file.

Game seed: 9533556537883430561

3879 BuddhaDhamma the Severer (level 10, -1/77 HPs)
             Began as a Minotaur Berserker on Mar 3, 2023.
             Was an Elder of Trog.
             Slain by an orc warrior
             ... wielding a +0 scimitar
              (10 damage)
             ... on level 7 of the Dungeon.
             The game lasted 00:12:19 (6347 turns).

BuddhaDhamma the Severer (Minotaur Berserker)       Turns: 6347, Time: 00:12:20

Health: -1/77      AC: 14    Str: 26    XL:     10   Next: 0%
Magic:  9/9        EV:  7    Int:  4    God:    Trog [****..]
Gold:   519        SH:  0    Dex: 10    Spells: 9/9 levels left

rFire   . . .      SeeInvis .   l - +0 war axe (spect)
rCold   . . .      Faith    .   (no shield)
rNeg    + . .      Spirit   .   j - +1 plate armour
rPois   .          Reflect  .   (helmet restricted)
rElec   .          Harm     .   a - +0 cloak
rCorr   .          Rampage  .   r - +0 pair of gloves
Will    .....                   (no boots)
Stlth   ..........              g - amulet of regeneration
HPRegen 1.02/turn               v - ring of positive energy
MPRegen 0.11/turn               (no ring)

@: on berserk cooldown, slowed, very slow
A: horns 2, retaliatory headbutt
a: Renounce Religion, Berserk, Trog's Hand, Brothers in Arms


You were on level 7 of the Dungeon.
You worshipped Trog.
Trog was greatly pleased with you.
You visited 1 branch of the dungeon, and saw 7 of its levels.
You also visited: Ossuary.

You collected 519 gold pieces.

Inventory:

Hand Weapons
 l - a +0 spectral war axe (weapon)
Armour
 a - a +0 cloak (worn)
 j - a +1 plate armour (worn)
 r - a +0 pair of gloves (worn)
Jewellery
 f - a ring of fire
 g - an amulet of regeneration (around neck)
 h - an amulet of the acrobat
 v - a ring of positive energy (left hand)
Wands
 n - a wand of flame (6)
 y - a wand of light (7)
 B - a wand of polymorph (7)
Scrolls
 d - 3 scrolls of enchant armour
 e - a scroll of fear {unknown}
 m - a scroll of amnesia {unknown}
 p - a scroll of teleportation
 s - a scroll of identify
 u - 2 scrolls of poison
Potions
 b - a potion of berserk rage
 c - 2 potions of heal wounds
 i - 2 potions of curing
 o - 2 potions of ambrosia
 q - a potion of brilliance
 t - a potion of haste
 w - a potion of degeneration
 x - a potion of might
 z - a potion of flight
 A - a potion of attraction {unknown}


   Skills:
 - Level 3.6 Fighting
 + Level 17.0 Axes
 - Level 2.4 Armour
 - Level 2.1 Dodging


You had 9 spell levels left.
You didn't know any spells.
Your spell library was empty.

Dungeon Overview and Level Annotations

Branches:
Dungeon (7/15)             Temple (0/1) D:5         Ossuary (visited)

Altars:
Dithmenos
Okawaru
Ru
Uskayaw
Wu Jian
Yredelemnul
The Shining One

Shops:
D:1 *   D:3 ?   D:5 *=(

Portals:
Bailey: D:7


Innate Abilities, Weirdness & Mutations

You have a pair of horns on your head.
You reflexively headbutt those who attack you in melee.


Message History

You feel your anger nearly subside.
You are no longer berserk.
You are exhausted.
You feel yourself slow down.
The orc warrior hits you with a +0 scimitar!
* * * LOW HITPOINT WARNING * * *
You hit the orc but do no damage.
You hit the orc warrior but do no damage.
The orc warrior barely misses you. You furiously retaliate!
You headbutt the orc warrior, but do no damage.
The orc shoots a sling bullet.
The sling bullet hits you but does no damage.
The orc hits you but does no damage.
You closely miss the orc. Your headbutt misses the orc. You slash the orc!
You kill the orc!
Trog accepts your kill.
You hit the orc warrior but do no damage.
The orc warrior hits you with a +0 scimitar.
* * * LOW HITPOINT WARNING * * *
The orc hits you but does no damage.
The orc shoots a sling bullet.
The sling bullet hits you but does no damage.
You closely miss the orc.
You hit the orc warrior but do no damage.
The orc warrior hits you with a +0 scimitar.
* * * LOW HITPOINT WARNING * * *
The orc barely misses you.
The orc shoots a sling bullet.
The sling bullet completely misses you.
You closely miss the orc. You punch the orc, but do no damage.
You slash the orc warrior!
The orc warrior hits you with a +0 scimitar!
* * * LOW HITPOINT WARNING * * *
The orc hits you but does no damage.
The orc shoots a sling bullet.
The sling bullet hits you but does no damage.
You slash the orc!
You kill the orc!
Trog accepts your kill.
You hit the orc warrior but do no damage.
Your +0 spectral war axe hits the orc warrior.
The orc warrior hits you with a +0 scimitar!
You die...

#####.##.##.#
#............ ...
#.###.#####.# #.# .# ..#
#.#####.#..#.# .# ..#
#..........#.# #.#
#.#####.#####.##.###o.#
#.............##).....##
.......#.#######.).)...###
#...............@()∩((.(..
#.###############o.)...###
..# #......# ### ########


You could see an orc warrior, an orc and a friendly +0 spectral war axe
(summoned).

Vanquished Creatures
  Pikel (D:4)
  Joseph (D:7)
  Grinder (D:4)
  Prince Ribbit (D:7)
  A wraith (Ossuary)
  A wyvern (D:7)
  A steam dragon (D:6)
  An acid dragon (D:6)
  A water moccasin (D:6)
  Duvessa (D:4)
  An orc warrior (D:7)
  An ice beast (D:6)
  A black bear (D:7)
  2 ogres (D:5)
  3 centaurs
  A phantom (D:5)
  A kobold brigand (D:6)
  Blork the orc (D:4)
  A gnoll sergeant (D:5)
  A scorpion (D:5)
  Dowan (D:4)
  2 howler monkeys (D:4)
  3 jellies
  4 hounds
  3 orc priests
  Crazy Yiuf (D:3)
  3 iguanas
  7 orc wizards
  A mummy (Ossuary)
  5 adders
  13 gnolls
  A shadow imp (D:5)
  A worm (D:2)
  4 dart slugs (D:1)
  16 orcs
  10 endoplasms
  3 giant cockroaches
  5 goblins
  4 hobgoblins
  4 jackals (D:2)
  20 kobolds
  2 quokkas
  4 ball pythons
  4 bats
  3 frilled lizards
  10 gnoll skeletons (Ossuary)
  5 kobold skeletons (Ossuary)
  10 orc skeletons (Ossuary)
  4 rats
  A spectral hobgoblin (D:1)
177 creatures vanquished.

Vanquished Creatures (others)
  8 toadstools (D:4)
8 creatures vanquished.

Grand Total: 185 creatures vanquished

Notes
Turn   | Place    | Note
-------+----------+-------------------------------------------
     0 | D:1      | BuddhaDhamma the Minotaur Berserker began the quest for the
                  | Orb.
     0 | D:1      | Reached XP level 1. HP: 19/19 MP: 0/0
   152 | D:1      | Reached skill level 4 in Axes
   183 | D:1      | Found a faded altar of an unknown god.
   322 | D:1      | Reached XP level 2. HP: 23/26 MP: 1/1
   437 | D:1      | Found Qaara's General Store.
   863 | D:2      | Reached skill level 5 in Axes
  1053 | D:2      | Reached XP level 3. HP: 31/31 MP: 2/2
  1081 | D:2      | Reached ** piety under Trog
  1328 | D:2      | Found a glowing golden altar of the Shining One.
  1679 | D:2      | Reached skill level 6 in Axes
  1679 | D:2      | Reached XP level 4. HP: 38/39 MP: 3/3
  2119 | D:3      | Found Rusyczeu's Magic Scroll Shoppe.
  2310 | D:3      | Found a shadowy altar of Dithmenos.
  2311 | D:3      | Found a basalt altar of Yredelemnul.
  2344 | D:3      | Found a runed translucent door.
  2345 | D:3      | Noticed Crazy Yiuf
  2721 | D:3      | Killed Crazy Yiuf
  2722 | D:3      | Reached XP level 5. HP: 34/45 MP: 4/4
  2808 | D:4      | Noticed Blork the orc
  2819 | D:4      | Reached skill level 7 in Axes
  2834 | D:4      | Killed Blork the orc
  2835 | D:4      | Reached skill level 8 in Axes
  2835 | D:4      | Reached XP level 6. HP: 51/51 MP: 5/5
  2933 | D:4      | Noticed Grinder
  2937 | D:4      | Paralysed by Grinder for 3 turns
  2942 | D:4      | Paralysed by Grinder for 2 turns
  2952 | D:4      | Killed Grinder
  2953 | D:4      | Reached skill level 9 in Axes
  2953 | D:4      | Reached XP level 7. HP: 57/57 MP: 6/6
  3000 | D:4      | Reached *** piety under Trog
  3010 | D:4      | You fall into a shaft and drop 2 floors!
  3048 | D:6      | Reached skill level 10 in Axes
  3061 | D:5      | Entered Level 5 of the Dungeon
  3153 | D:5      | Found a sand-covered staircase.
  3166 | Ossuary  | Entered an ossuary
  3166 | Ossuary  | Noticed a wraith
  3166 | Ossuary  | Noticed a wraith
  3166 | Ossuary  | Noticed a wraith
  3228 | Ossuary  | Noticed a wraith
  3255 | Ossuary  | Killed a wraith
  3623 | D:4      | Reached skill level 11 in Axes
  3691 | D:4      | Reached **** piety under Trog
  3817 | D:4      | Found a hide-covered altar of Uskayaw.
  3860 | D:4      | Noticed Dowan
  3861 | D:4      | Noticed Duvessa
  3875 | D:4      | Killed Duvessa
  3876 | D:4      | Reached XP level 8. HP: 57/64 MP: 7/7
  3887 | D:4      | Killed Dowan
  3888 | D:4      | Reached skill level 12 in Axes
  4007 | D:4      | Noticed Pikel
  4018 | D:4      | Killed Pikel
  4019 | D:4      | Reached skill level 13 in Axes
  4204 | D:5      | Found Vymoq's Weapon Shoppe.
  4210 | D:5      | Found Nisycuun's General Store.
  4210 | D:5      | Found Vonex's Jewellery Shop.
  4221 | D:5      | Reached skill level 14 in Axes
  4272 | D:5      | Found a staircase to the Ecumenical Temple.
  4353 | D:5      | Reached XP level 9. HP: 44/70 MP: 8/8
  4604 | D:5      | Found the +8 trident of the Octopus King {venom, rElec
                  | rPois}
  4699 | D:5      | Found an iron altar of Okawaru.
  5232 | D:6      | Reached skill level 15 in Axes
  6082 | D:7      | Found a sacrificial altar of Ru.
  6139 | D:7      | Reached skill level 16 in Axes
  6181 | D:7      | Found an ornate altar of the Wu Jian Council.
  6236 | D:7      | Noticed Prince Ribbit
  6244 | D:7      | Killed Prince Ribbit
  6317 | D:7      | Found a flagged portal.
  6319 | D:7      | Noticed Joseph
  6333 | D:7      | Killed Joseph
  6334 | D:7      | Reached skill level 17 in Axes
  6338 | D:7      | Reached XP level 10. HP: 33/77 MP: 9/9
  6347 | D:7      | Slain by an orc warrior

Illustrated notes

Levels and vault maps discovered:
D:1:      wander_arrival_chamber, layout_loops_ring, serial_shops, shop,
          dreamdust_ecumenical_altar_drowned_temple
D:2:      layout_loops_ring, basic_altar
D:3:      layout_basic, grunt_temple_overflow_open, serial_shops,
          nicolae_shop_crystal, minmay_misc_feat_four_crosses,
          uniq_crazy_yiuf_cottage
D:4:      cheibrodos_fertilizer, layout_basic, lemuel_coloured_pillars_altar,
          uniq_grinder, uniq_blork_the_orc, uniq_duvessa, uniq_pikel
D:5:      layout_loops_ring, okawaru_trees_1, minmay_temple_entry_offerings,
          nicolae_ossuary_entry_monument, nicolae_wooded_promenade,
          kennysheep_small_circle
D:6:      layout_cave_pods
D:7:      layout_loops_ring, mainiacjoe_overflow_paths,
          nicolae_ru_sacrificial_ziggurat, enter_bailey_2, uniq_joseph,
          uniq_prince_ribbit1

Skill      XL: |  1  2  3  4  5  6  7  8  9 |
---------------+----------------------------+-----
Axes           | 4 5 6 8 9 11 14 17 | 17.0
Fighting       | |  3.6
Armour         | |  2.4
Dodging        | |  2.1

Action                   |  1- 3 |  4- 6 |  7- 9 | 10-12 || total
-------------------------+-------+-------+-------+-------++-------
Melee: Hand axe          |    76 |    27 |       |       ||   103
       Headbutt          |     9 |    13 |    42 |       ||    64
       War axe           |       |    63 |   281 |     5 ||   349
       Punch             |       |     1 |     3 |     1 ||     5
Throw: Dart              |       |       |     5 |       ||     5
Invok: Berserk           |       |     2 |     5 |       ||     7
  Use: Scroll            |       |     6 |    15 |       ||    21
Armor: Animal skin       |    11 |       |       |       ||    11
       Plate armour      |     1 |    40 |   133 |     9 ||   183
Dodge: Dodged            |    44 |    31 |    74 |     3 ||   152
